 Dungeon Crawl Stone Soup version 0.21.0-3-g78d12a8bdd (webtiles) character file.

24135 Jannitor the Thaumaturge (level 12, -3/94 HPs)
             Began as a Demonspawn Ice Elementalist on Jan 15, 2018.
             Was a High Priest of Kikubaaqudgha.
             Killed by divine providence
             ... invoked by an orc priest
              (14 damage)
             ... on level 1 of the Orcish Mines.
             The game lasted 01:26:55 (26979 turns).

Jannitor the Thaumaturge (DsIE)                    Turns: 26979, Time: 01:26:56

Health: -3/94      AC:  9    Str:  9    XL:     12   Next: 78%
Magic:  24/25      EV: 15    Int: 22    God:    Kikubaaqudgha [*****.]
Gold:   1380       SH:  7    Dex: 13    Spells: 3/29 levels left

rFire    + . .     SeeInvis .   N - +3 dagger (protect)
rCold    + . .     Gourm    .   O - +2 buckler
rNeg     . . .     Faith    .   h - +1 leather armour {rC+}
rPois    .         Spirit   .   G - +1 helmet
rElec    .         Reflect  .   a - scarf {repulsion}
rCorr    .         Harm     .   H - +1 pair of gloves
MR       +....                  (no boots)
Stlth    ++........             (no amulet)
HPRegen  1.25/turn              m - ring of protection from fire
MPRegen  0.19/turn              S - ring of protection from magic

@: very slightly contaminated, regenerating (expiring), studying Short Blades,
repel missiles
A: claws 2, repulsion field 2, demonic guardian 1, powered by pain 1
a: Receive Corpses, Torment, Renounce Religion


You were on level 1 of the Orcish Mines.
You worshipped Kikubaaqudgha.
Kikubaaqudgha was extremely pleased with you.
You were hungry.

You visited 4 branches of the dungeon, and saw 18 of its levels.
You also visited: Ice Cave.

You collected 1380 gold pieces.

Inventory:

Hand Weapons
 N - a +3 dagger of protection (weapon)
Armour
 a - a scarf of repulsion (worn)
 h - a +1 leather armour of cold resistance (worn)
 F - a +2 robe of magic resistance
 G - a +1 helmet (worn)
 H - a +1 pair of gloves (worn)
 O - a +2 buckler (worn)
Magical Staves
 R - an uncursed staff of power
Jewellery
 i - an uncursed ring of flight
 m - a ring of protection from fire (left hand)
 p - an uncursed ring of resist corrosion
 E - an uncursed ring of positive energy
 S - a ring of protection from magic (right hand)
Wands
 y - a wand of digging (35)
 z - a wand of disintegration (14)
 I - a wand of flame (21)
 J - a wand of iceblast (6)
 W - a wand of enslavement (17)
 X - a wand of paralysis (11)
Scrolls
 k - 3 scrolls of remove curse
 l - 6 scrolls of identify
 s - a scroll of enchant armour
 w - 5 scrolls of magic mapping
 x - 2 scrolls of vulnerability
 C - 2 scrolls of amnesia
 D - a scroll of teleportation
 M - 2 scrolls of blinking
 V - a scroll of enchant weapon
Potions
 d - 3 potions of haste
 r - 2 potions of flight
 u - 5 potions of resistance
 v - 5 potions of curing
 A - a potion of might
 B - a potion of mutation {unknown}
 L - 2 potions of agility
 T - a potion of berserk rage {unknown}
Books
 b - a book of Frost

   Spells                             Type                      Level
   a - Freeze                         Ice                          1
   b - Throw Frost                    Conjuration/Ice              2
   c - Ozocubu's Armour               Charms/Ice                   3
   d - Throw Icicle                   Conjuration/Ice              4
   e - Summon Ice Beast               Ice/Summoning                4
 f - Kikubaaqudgha's Guide on Unholy Secrets
   (Kikubaaqudgha gifted it to you on level 7 of the Dungeon)

   Spells                             Type                      Level
   a - Animate Skeleton               Necromancy                   1
   b - Pain                           Necromancy                   1
   c - Sublimation of Blood           Necromancy                   2
   d - Regeneration                   Charms/Necromancy            3
 j - a book of Changes

   Spells                             Type                      Level
   a - Beastly Appendage              Transmutation                1
   b - Sticks to Snakes               Transmutation                2
   c - Spider Form                    Transmutation/Poison         3
   d - Ice Form                       Ice/Transmutation            4
   e - Blade Hands                    Transmutation                5
 n - a book of Minor Magic

   Spells                             Type                      Level
   a - Magic Dart                     Conjuration                  1
   b - Blink                          Translocation                2
   c - Call Imp                       Summoning                    2
   d - Slow                           Hexes                        2
   e - Conjure Flame                  Conjuration/Fire             3
   f - Mephitic Cloud                 Conjuration/Poison/Air       3
 o - a book of Debilitation

   Spells                             Type                      Level
   a - Corona                         Hexes                        1
   b - Slow                           Hexes                        2
   c - Inner Flame                    Hexes/Fire                   3
   d - Portal Projectile              Hexes/Translocation          3
   e - Cause Fear                     Hexes                        4
   f - Leda's Liquefaction            Hexes/Earth                  4
 q - Kikubaaqudgha's Compendium of Necromancy
   (Kikubaaqudgha gifted it to you on level 2 of the Lair of Beasts)

   Spells                             Type                      Level
   a - Animate Dead                   Necromancy                   4
   b - Excruciating Wounds            Charms/Necromancy            5
   c - Borgnjor's Vile Clutch         Necromancy/Earth             5
   d - Agony                          Necromancy                   5
   e - Dispel Undead                  Necromancy                   5
 t - a book of Maledictions

   Spells                             Type                      Level
   a - Corona                         Hexes                        1
   b - Ensorcelled Hibernation        Hexes/Ice                    2
   c - Confuse                        Hexes                        3
   d - Tukima's Dance                 Hexes                        3
   e - Dazzling Spray                 Conjuration/Hexes            3
 P - a manual of Short Blades
 Y - a book of Cantrips

   Spells                             Type                      Level
   a - Confusing Touch                Hexes                        1
   b - Animate Skeleton               Necromancy                   1
   c - Summon Small Mammal            Summoning                    1
   d - Apportation                    Translocation                1
Comestibles
 c - 26 rations


   Skills:
 + Level 8.6 Fighting
 + Level 5.9 Short Blades
 - Level 4.9 Armour
 + Level 2.6 Dodging
 - Level 1.7 Stealth
 - Level 4.0 Shields
 + Level 9.4 Spellcasting
 + Level 7.2 Conjurations
 - Level 6.2 Summonings
 + Level 6.9 Necromancy
 - Level 9.2 Ice Magic
 + Level 2.0 Earth Magic


You had 3 spell levels left.
You knew the following spells:

 Your Spells              Type           Power        Failure   Level  Hunger
a - Freeze                Ice            ####         1%          1    None
b - Borgnjor's Vile Clut  Necr/Erth      ####......   36%         5    ####...
c - Ozocubu's Armour      Chrm/Ice       ####....     3%          3    None
d - Summon Ice Beast      Ice/Summ       #####...     3%          4    ##.....
e - Throw Icicle          Conj/Ice       #####...     2%          4    ##.....
f - Sublimation of Blood  Necr           #####.....   1%          2    None
g - Regeneration          Chrm/Necr      ####......   6%          3    None
h - Animate Dead          Necr           N/A          4%          4    ##.....


Dungeon Overview and Level Annotations

Branches:
Dungeon (12/15)            Temple (1/1) D:5            Lair (3/6) D:9
 Spider (0/4) Lair:2          Orc (2/2) D:12            Elf (0/3) Orc:2
  Swamp: Lair:2-4    Shoals: Lair:2-4

Altars:
Ashenzari
Cheibriados
Dithmenos
Elyvilon
Fedhas
Gozag
Hepliaklqana
Kikubaaqudgha
Makhleb
Nemelex Xobeh
Okawaru
Qazlal
Ru
Sif Muna
Trog
Uskayaw
Vehumet
Wu Jian
Xom
Yredelemnul
Zin
The Shining One
Beogh

Shops:
D:6 (

Annotations:
D:3 1 runed door
Lair:3 exclusion: door, Gargoyl's ghost, journeyman CeAK
Orc:1 kickasso's ghost, journeyman MiFi


Innate Abilities, Weirdness & Mutations

You have very sharp fingernails.
You are surrounded by a moderate repulsion field. (EV +3)
A weak demonic guardian rushes to your aid.
You sometimes gain a little power by taking damage.


Message History

Casting: Regeneration
Confirm with . or Enter, or press ? or * to list all spells.
Aiming: Freeze
Press: ? - help, Shift-Dir - straight line, f - orc warrior
Aim: an orc warrior, wielding a long sword and wearing a chain mail (severely wounded)
You freeze the orc warrior.
The orc warrior is almost dead.
The orc warrior hits you with a long sword!
* * * LOW HITPOINT WARNING * * *
Unknown command.
Okay, then.
Unknown command.
Blink to where?
Press: ? - help, Dir - move target cursor, p - orc warrior You are very lightly contaminated with residual magic.
As you read the scroll of blinking, it crumbles to dust.
The orc priest calls down the wrath of Beogh upon you.
Beogh smites you!
You die...
Kikubaaqudgha rasps: "You have failed me!
Welcome... death!"

.#....... .#......
##...... #
##...$.. ...
#.#......# ....
#.......# #o$...
#.......## #......
#....@...##....$..
#............o...
.o##
##.......[[....##
..o##
##..#....()$...#
.o..##
####..oo)o#..##
#####.hoo.##
##...o###
#....3......
#.(..#.ยง#
#....o.....#
##...####
....5....$.. ###.#


You could see an orc warrior, an orc priest and 2 orcs.

Vanquished Creatures
  A centaur warrior (D:12)
  An orc high priest (Orc:2)
  Sonja (Orc:2)
  3 orc sorcerers (Orc:2)
  2 spiny frogs
  2 komodo dragons (Lair:2)
  Grinder (D:2)
  A hippogriff (Lair:3)
  2 redbacks (Lair:2)
  2 wraiths (D:12)
  3 wyverns
  6 yaks
  A hungry ghost (D:12)
  A warg (Orc:2)
  3 water moccasins
  A porcupine (Lair:2)
  2 ice beasts
  3 sky beasts
  16 orc warriors
  A black bear (D:5)
  2 phantoms
  A swamp drake (D:12)
  3 ogres
  A necrophage (D:7)
  4 wolves
  4 crocodiles
  A centaur (D:8)
  A big kobold (D:12)
  A gnoll sergeant (D:12)
  A wyvern zombie (D:7)
  11 bullfrogs
  8 scorpions
  4 killer bees
  4 howler monkeys
  3 crimson imps
  3 electric eels
  A jelly (D:8)
  7 orc priests
  4 hounds
  4 iguanas
  16 orc wizards
  Jessica (D:3)
  11 worker ants
  A howler monkey skeleton (D:7)
  19 adders
  7 gnolls
  A shadow imp (D:12)
  3 oozes
  2 worms (D:2)
  A dart slug (D:2)
  4 leopard geckos
  41 orcs
  2 bat skeletons (D:6)
  4 bat zombies (D:6)
  5 giant cockroaches
  13 goblins
  8 hobgoblins
  3 jackals
  4 quokkas
  6 bats
  6 frilled lizards
  9 kobolds
  A leopard gecko zombie (D:6)
  2 quokka skeletons
  12 rats
303 creatures vanquished.

Vanquished Creatures (collateral kills)
  Josephine (D:12)
  Harold (Lair:1)
  2 hydras
  A centaur warrior (D:12)
  3 two-headed ogres
  Pikel (D:5)
  A cyclops (D:12)
  2 ugly things
  An orc sorcerer (Orc:2)
  3 oklob plants (Lair:3)
  The ghost of Oki the Cleaver, a novice MiFi (D:6)
  The ghost of beanieboyaka the Chiller, a novice DrIE (D:5)
  3 spiny frogs
  2 komodo dragons (Lair:1)
  4 trolls
  A polar bear (Lair:3)
  The ghost of rabbit the Skirmisher, an amateur GrBe of Trog (D:3)
  2 dream sheep (D:12)
  2 hippogriffs
  A redback (Lair:2)
  A warg (Orc:2)
  6 yaks
  2 wraiths (D:12)
  4 water moccasins
  2 porcupines
  23 orc warriors
  3 ice beasts
  2 sky beasts
  A necrophage (D:7)
  2 phantoms
  4 wolves
  An eye of draining (D:11)
  4 ogres
  A centaur (D:6)
  A crocodile (Lair:2)
  4 big kobolds
  6 bullfrogs
  A gnoll sergeant (D:8)
  A water moccasin skeleton (D:4)
  5 killer bees
  2 howler monkeys (D:11)
  A vampire bat (D:6)
  2 crimson imps
  A centaur zombie (D:8)
  A quasit (D:11)
  A hound (D:4)
  18 orc wizards
  17 orc priests
  A worker ant zombie (D:7)
  11 gnolls
  2 adders (D:11)
  A shadow imp (D:8)
  59 orcs
  2 goblins (D:5)
  3 jackals (D:7)
  7 kobolds
  A quokka (D:9)
  A plant (Lair:3)
239 creatures vanquished.

Vanquished Creatures (others)
  An orc knight (Orc:1)
  2 centaurs (D:5)
  An orc wizard (D:7)
  5 fungi (Lair:3)
  3 plants (Lair:3)
12 creatures vanquished.

Grand Total: 554 creatures vanquished

Notes
Turn   | Place    | Note
-------+----------+-------------------------------------------
     0 | D:1      | Jannitor the Demonspawn Ice Elementalist began the quest for the Orb.
     0 | D:1      | Reached XP level 1. HP: 13/13 MP: 3/3
   426 | D:1      | Gained mutation: You are surrounded by a mild repulsion field. (EV +2) [demonic ancestry]
   426 | D:1      | Reached XP level 2. HP: 13/19 MP: 0/5
  1542 | D:2      | Reached XP level 3. HP: 24/24 MP: 5/7
  1663 | D:2      | HP: 1/24 [worm (12)]
  1943 | D:2      | Learned a level 2 spell: Call Imp
  2207 | D:2      | Gained mutation: You sometimes gain a little power by taking damage. [demonic ancestry]
  2207 | D:2      | Reached XP level 4. HP: 20/30 MP: 2/8
  2289 | D:2      | Found a sacrificial altar of Ru.
  2298 | D:2      | Reached skill level 1 in Summonings
  2749 | D:3      | Noticed Grinder
  2776 | D:2      | Paralysed by Grinder for 5 turns
  2786 | D:2      | Killed Grinder
  2786 | D:2      | Reached XP level 5. HP: 16/35 MP: 5/10
  2786 | D:2      | Gained mutation: You have sharp fingernails. [demonic ancestry]
  2786 | D:2      | Reached XP level 6. HP: 19/41 MP: 5/11
  3041 | D:3      | Noticed rabbit's ghost (amateur GrBe)
  3662 | D:3      | Found a shadowy altar of Dithmenos.
  3664 | D:3      | Found a burning altar of Makhleb.
  3774 | D:3      | Noticed Jessica
  3780 | D:3      | Killed Jessica
  4199 | D:3      | Killed rabbit's ghost
  4199 | D:3      | Gained mutation: A weak demonic guardian rushes to your aid. [demonic ancestry]
  4199 | D:3      | Reached XP level 7. HP: 19/46 MP: 7/13
  4485 | D:3      | Found a runed door.
  4638 | D:4      | Reached skill level 5 in Ice Magic
  5665 | D:4      | Reached skill level 1 in Fighting
  5931 | D:4      | Reached skill level 5 in Spellcasting
  6446 | D:5      | Entered Level 5 of the Dungeon
  6518 | D:5      | Noticed Pikel
  6558 | D:5      | Killed Pikel
  6558 | D:5      | Gained mutation: You have very sharp fingernails. [demonic ancestry]
  6558 | D:5      | Reached XP level 8. HP: 22/57 MP: 6/16
  6760 | D:5      | Reached skill level 5 in Summonings
  7138 | D:5      | Found a blossoming altar of Fedhas.
  7141 | D:5      | Noticed beanieboyaka's ghost (novice DrIE)
  7160 | D:5      | Killed beanieboyaka's ghost
  7542 | D:5      | Found an iron altar of Okawaru.
  7667 | D:5      | Found a staircase to the Ecumenical Temple.
  7673 | Temple   | Entered the Ecumenical Temple
  7940 | D:6      | Found Beaf Doc's Weapon Shop.
  8026 | D:6      | Learned a level 3 spell: Ozocubu's Armour
  8031 | D:6      | Learned a level 4 spell: Summon Ice Beast
  8095 | D:6      | Reached XP level 9. HP: 65/65 MP: 14/18
  8107 | D:6      | Noticed Oki's ghost (novice MiFi)
  8123 | D:6      | Killed Oki's ghost
  8647 | D:6      | Found an ancient bone altar of Kikubaaqudgha.
  8664 | D:6      | Became a worshipper of Kikubaaqudgha
  8952 | D:7      | Learned a level 4 spell: Throw Icicle
  9217 | D:7      | Reached skill level 5 in Fighting
  9310 | D:7      | Reached * piety under Kikubaaqudgha
  9310 | D:7      | Identified Kikubaaqudgha's Guide on Unholy Secrets (Kikubaaqudgha gifted it to you on level 7 of the Dungeon)
  9310 | D:7      | Received a gift from Kikubaaqudgha
  9494 | D:7      | Learned a level 2 spell: Sublimation of Blood
  9498 | D:7      | Learned a level 3 spell: Regeneration
  9890 | D:8      | Noticed a two-headed ogre
  9897 | D:8      | Killed a two-headed ogre
 10341 | D:8      | Reached XP level 10. HP: 54/76 MP: 7/21
 10466 | D:8      | Reached skill level 1 in Necromancy
 11120 | D:8      | Found a white marble altar of Elyvilon.
 11276 | D:8      | Reached ** piety under Kikubaaqudgha
 11724 | D:8      | Identified the +9 war axe of Gallantry {freeze, Str+4} (You found it on level 8 of the Dungeon)
 12136 | D:9      | Found a shimmering altar of Xom.
 12137 | D:9      | Found an opulent altar of Gozag.
 12236 | D:9      | Found a staircase to the Lair.
 12465 | D:9      | Reached skill level 1 in Armour
 13173 | D:9      | Found a basalt altar of Yredelemnul.
 13415 | D:10     | Entered Level 10 of the Dungeon
 13422 | D:10     | Found a white marble altar of Elyvilon.
 14049 | D:11     | Noticed a green ugly thing
 14105 | Lair:1   | Entered Level 1 of the Lair of Beasts
 14160 | Lair:1   | Noticed a spiny frog
 14170 | Lair:1   | Killed a spiny frog
 14553 | Lair:1   | Noticed a spiny frog
 14566 | Lair:1   | Killed a spiny frog
 14999 | Lair:1   | Noticed Harold
 15024 | Lair:1   | Killed Harold
 15024 | Lair:1   | Reached skill level 5 in Conjurations
 15958 | Lair:2   | Noticed a spiny frog
 15966 | Lair:2   | Killed a spiny frog
 15966 | Lair:2   | Gained mutation: You are surrounded by a moderate repulsion field. (EV +3) [demonic ancestry]
 15966 | Lair:2   | Reached XP level 11. HP: 65/84 MP: 9/23
 16691 | Lair:2   | Found a hole to the Spider Nest.
 16718 | Lair:2   | Reached *** piety under Kikubaaqudgha
 16718 | Lair:2   | Identified Kikubaaqudgha's Compendium of Necromancy (Kikubaaqudgha gifted it to you on level 2 of the Lair of Beasts)
 16718 | Lair:2   | Received a gift from Kikubaaqudgha
 16728 | Lair:2   | Learned a level 5 spell: Borgnjor's Vile Clutch
 17290 | Lair:3   | Noticed an oklob plant
 17292 | Lair:3   | Noticed an oklob plant
 17293 | Lair:3   | Noticed an oklob plant
 17317 | Lair:3   | Killed an oklob plant
 17317 | Lair:3   | Reached skill level 1 in Shields
 17323 | Lair:3   | Killed an oklob plant
 17333 | Lair:3   | Killed an oklob plant
 17356 | Lair:3   | Found a frozen archway.
 17408 | IceCv    | Entered an ice cave
 17636 | Lair:3   | Noticed an eight-headed hydra
 18073 | Lair:3   | Noticed Gargoyl's ghost (journeyman CeAK)
 18714 | Lair:3   | Reached skill level 1 in Short Blades
 19388 | Lair:3   | Killed an eight-headed hydra
 19388 | Lair:3   | Reached skill level 5 in Necromancy
 19665 | Lair:3   | Noticed a necromancer
 20502 | D:11     | Killed a green ugly thing
 20508 | D:11     | Reached **** piety under Kikubaaqudgha
 20563 | D:11     | Noticed a two-headed ogre
 20757 | D:11     | Killed a two-headed ogre
 21233 | D:12     | Noticed a three-headed hydra
 21240 | D:12     | Killed a three-headed hydra
 21301 | D:12     | Noticed a centaur warrior
 21308 | D:12     | Killed a centaur warrior
 21308 | D:12     | Reached XP level 12. HP: 92/92 MP: 14/24
 22089 | D:12     | Found a white marble altar of Elyvilon.
 22154 | D:12     | Noticed a centaur warrior
 22170 | D:12     | Killed a centaur warrior
 22509 | D:12     | Noticed a two-headed ogre
 22516 | D:12     | Killed a two-headed ogre
 23022 | D:12     | Found a staircase to the Orcish Mines.
 23188 | Orc:1    | Entered Level 1 of the Orcish Mines
 23188 | Orc:1    | Noticed Josephine
 23519 | D:12     | Reached ***** piety under Kikubaaqudgha
 23839 | D:12     | Killed Josephine
 23839 | D:12     | Reached skill level 5 in Short Blades
 24077 | Orc:2    | Entered Level 2 of the Orcish Mines
 24079 | Orc:2    | Noticed Sonja
 24104 | Orc:2    | Killed Sonja
 24244 | Orc:2    | Learned a level 4 spell: Animate Dead
 24311 | Orc:1    | Noticed kickasso's ghost (journeyman MiFi)
 24642 | Orc:2    | Found a roughly hewn altar of Beogh.
 25194 | Orc:2    | Reached skill level 1 in Earth Magic
 25392 | Orc:2    | Found a roughly hewn altar of Beogh.
 25993 | Orc:2    | Found a roughly hewn altar of Beogh.
 26068 | Orc:2    | Identified 2 scrolls of acquirement
 26218 | Orc:2    | Found a staircase to the Elven Halls.
 26453 | Orc:2    | Noticed an orc high priest
 26467 | Orc:2    | Killed an orc high priest
 26680 | Orc:2    | Found a roughly hewn altar of Beogh.
 26812 | Orc:2    | Noticed an orc high priest
 26817 | Orc:2    | Noticed an orc warlord
 26979 | Orc:1    | Killed from afar by an orc priest

Skill      XL: |  1  2  3  4  5  6  7  8  9 10 11 12 |
---------------+-------------------------------------+-----
Ice Magic      | 3 4 5 6 7 8 9 |  9.2
Spellcasting   | 3 4 5 6 7 8 9 |  9.4
Summonings     | 2 3 4 5 6 |  6.2
Fighting       | 2 4 5 7 8 |  8.6
Conjurations   | 3 5 6 7 |  7.2
Necromancy     | 4 5 6 |  6.9
Armour         | 2 4 |  4.9
Shields        | 2 4 |  4.0
Short Blades   | 4 5 |  5.9
Earth Magic    | 2 |  2.0
Dodging        | 2 |  2.6
Stealth        | |  1.7

Action                   |  1- 3 |  4- 6 |  7- 9 | 10-12 || total
-------------------------+-------+-------+-------+-------++-------
Melee: Unarmed           |     4 |       |       |       ||     4
       Short sword       |    15 |    25 |       |       ||    40
       Dagger            |       |    12 |   251 |   564 ||   827
       War axe           |       |       |       |    33 ||    33
       Staff             |       |       |       |     1 ||     1
 Cast: Freeze            |    59 |    88 |   159 |   380 ||   686
       Call Imp          |     1 |     6 |    36 |     2 ||    45
       Summon Ice Beast  |       |       |    25 |   217 ||   242
       Ozocubu's Armour  |       |       |     7 |    57 ||    64
       Regeneration      |       |       |     1 |    23 ||    24
       Sublimation of Bl |       |       |       |    13 ||    13
       Throw Icicle      |       |       |       |     7 ||     7
       Animate Dead      |       |       |       |     5 ||     5
Evoke: Wand              |       |       |       |    16 ||    16
  Use: Potion            |       |     4 |     8 |     7 ||    19
       Scroll            |       |       |    12 |    19 ||    31
 Stab: Sleeping          |     2 |     1 |     3 |     3 ||     9
       Distracted        |       |     1 |     4 |    10 ||    15
       Paralysed         |       |       |       |     3 ||     3
  Eat: Chunk             |     4 |     6 |    14 |    45 ||    69
       Ration            |       |       |     2 |     8 ||    10
Armor: Robe              |     6 |    24 |    58 |     6 ||    94
       Skin              |       |    18 |       |       ||    18
       Leather armour    |       |       |       |   349 ||   349
Dodge: Dodged            |    44 |    85 |   261 |   637 ||  1027
Block: Buckler           |       |       |       |   290 ||   290
